 Dungeon Sprint DCSS version 0.30-a0-1103-g25895a7845 (webtiles) character file.

Game seed: 6295958209016088804

1777 sircluck the Cleaver (level 9, -1/90 HPs)
             Began as a Hill Orc Fighter on Apr 18, 2023.
             Was a High Priest of Beogh.
             Slain by a death yak (21 damage)
             ... in the Dungeon (Sprint VII: "The Pits").
             The game lasted 00:05:30 (1465 turns).

sircluck the Cleaver (Hill Orc Fighter)             Turns: 1465, Time: 00:05:31

Health: -1/90      AC: 17    Str: 23    XL:     9   Next: 8%
Magic:  10/10      EV:  9    Int:  8    God:    Beogh [*****.]
Gold:   0          SH:  6    Dex: 10    Spells: 8/8 levels left

rFire   . . .      SeeInvis .    z - +2 war axe (heavy)
rCold   . . .      Faith    .    c - +0 buckler
rNeg    . . .      Spirit   .    C - +4 chain mail
rPois   .          Reflect  .    B - +0 helmet
rElec   .          Rampage  .    (no cloak)
rCorr   .          NoTele   +    (no gloves)
Will    .....                    (no boots) Stlth
                                 (no amulet)
HPRegen 0.35/turn                (no ring)
MPRegen 0.12/turn                (no ring)

@: slowed, very slow
A: walk on water
a: Renounce Religion, Smiting, Recall Orcish Followers, Give Item to Named
Follower


You were in the Dungeon.
You worshipped Beogh.
Beogh was extremely pleased with you.
You visited 1 branch

Inventory:

Hand Weapons
 a - a +0 war axe
 o - a +2 quarterstaff
 p - a +2 trident
 q - a +2 hand axe
 r - a +0 morningstar
 t - a +1 heavy hand axe
 z - a +2 heavy war axe (weapon)
Missiles
 n - 10 stones (quivered)
Armour
 b - a +0 scale mail
 c - a +0 buckler (worn)
 s - a +0 leather armour
 u - a +3 ring mail
 v - a +3 scale mail
 A - a +3 plate armour
 B - a +0 helmet (worn)
 C - a +4 chain mail (worn)
 D - a +4 scale mail
Jewellery
 x - a +3 ring of dexterity
 y - a +3 ring of evasion
Scrolls
 j - a scroll of blinking
 l - 5 scrolls of amnesia
 m - a scroll of summoning
Potions
 d - a potion of might
 e - 7 potions of curing
 f - 8 potions of heal wounds
 g - a potion of haste
 h - 4 potions of magic
 i - 3 potions of berserk rage
 k - 2 potions of invisibility
 w - a potion of brilliance {unknown}


   Skills:
 + Level 12.1 Fighting
 + Level 14.2 Axes
 + Level 10.7 Armour
 + Level 4.0 Dodging
 + Level 0.7 Stealth
 + Level 9.6 Shields
 + Level 2.2 Invocations


You had 8 spell levels left.
You didn't know any spells.
Your spell library was empty.

Dungeon Overview and Level Annotations

Branches:
Dungeon (1/1)

Altars:
Ashenzari
Cheibriados
Dithmenos
Elyvilon
Fedhas
Gozag
Hepliaklqana
Kikubaaqudgha
Makhleb
Nemelex Xobeh
Okawaru
Qazlal
Ru
Sif Muna
Trog
Uskayaw
Vehumet
Wu Jian
Xom
Yredelemnul
Zin
The Shining One
Beogh
Jiyva
Lugonu


Message History

Your Dodging skill increases to level 4!
You barely miss the death yak. The death yak barely misses you.
You slice the death yak!!
The death yak is heavily wounded.
You slash the bog body! The death yak gores you.
The bog body casts a spell at you. You resist with significant effort.
You completely miss the death yak.
The death yak is moderately wounded.
You hit the bog body.
The bog body points at you and mumbles some strange words.
You feel yourself slow down.
The death yak gores you but does no damage.
The bog body gestures at you while chanting.
The bolt of cold misses you.
The death yak gores you but does no damage.
You closely miss the bog body.
The bog body is moderately damaged.
You slice the death yak!!
The bog body touches you but does no damage.
The death yak gores you!
You closely miss the bog body.
The bog body is moderately damaged.
You slash the death yak!
The bog body points at you and mumbles some strange words.
You feel as though you will be slow longer.
The death yak snorts and paws the ground.
The death yak gores you.
The bog body gestures at you while chanting.
The bolt of cold hits you!! The death yak gores you!
* * * LOW HITPOINT WARNING * * *
You closely miss the bog body.
The bog body is moderately damaged.
You hit the death yak but do no damage. The bog body casts a spell at you.
You resist with significant effort. The death yak gores you!
* * * LOW HITPOINT WARNING * * *
The bog body touches you but does no damage.
The death yak gores you!!
You die...

##.##................+
....'................+
#####......#..#......#
...##................#
##'#####'#####''######
...##.......##''#####
...##.......##......#
'####.......##......#
...##...<...###.@..##
...##.......# ##nY##
...##.......# ....#
#####.......# ......#
#..###########......+
#.############......#
#)#....#.!..###....##
#)#....#....# ##++##
#.'....'..))#


You could see a death yak and a bog body.

Vanquished Creatures
  Joseph (D)
  A gargoyle (D)
  A wind drake (D)
  Menkaure (D)
  A water moccasin (D)
  2 floating eyes (D)
  2 ice beasts (D)
  A black bear (D)
  A phantom (D)
  2 gnoll boudas (D)
  A jelly (D)
  Terence (D)
  2 gnolls (D)
  A river rat (D)
  An orc (D)
  A ball python (D)
  2 giant cockroaches (D)
  4 jackals (D)
  A frilled lizard (D)
  A rat (D)
28 creatures vanquished.

Notes
Turn   | Place    | Note
-------+----------+-------------------------------------------
     0 | D        | sircluck the Hill Orc Fighter began the quest for the Orb.
     0 | D        | Reached XP level 1. HP: 19/19 MP: 1/1
    18 | D        | Found a bloodstained altar of Trog.
    18 | D        | Found a shimmering blue altar of Sif Muna.
    18 | D        | Found a viscous altar of Jiyva.
    18 | D        | Found a hazy altar of Hepliaklqana.
    18 | D        | Found an opulent altar of Gozag.
    44 | D        | Found a glowing golden altar of the Shining One.
    44 | D        | Found a glowing silver altar of Zin.
    44 | D        | Found a basalt altar of Yredelemnul.
    44 | D        | Found a shimmering altar of Xom.
    44 | D        | Found an ornate altar of the Wu Jian Council.
    44 | D        | Found a sacrificial altar of Ru.
    44 | D        | Found a stormy altar of Qazlal.
    44 | D        | Found an iron altar of Okawaru.
    44 | D        | Found a sparkling altar of Nemelex Xobeh.
    44 | D        | Found a burning altar of Makhleb.
    44 | D        | Found a blossoming altar of Fedhas.
    44 | D        | Found a white marble altar of Elyvilon.
    44 | D        | Found a shadowy altar of Dithmenos.
    44 | D        | Found a snail-covered altar of Cheibriados.
    47 | D        | Found a corrupted altar of Lugonu.
    47 | D        | Found a radiant altar of Vehumet.
    47 | D        | Found a roughly hewn altar of Beogh.
    48 | D        | Found an ancient bone altar of Kikubaaqudgha.
    48 | D        | Found a hide-covered altar of Uskayaw.
    48 | D        | Found a broken altar of Ashenzari.
    56 | D        | Became a worshipper of Beogh the Brigand
    69 | D        | Noticed a floating eye
    71 | D        | Paralysed by a floating eye for 2 turns
    74 | D        | Killed a floating eye
    75 | D        | Reached skill level 5 in Axes
    75 | D        | Reached XP level 2. HP: 31/31 MP: 2/2
    75 | D        | Reached XP level 3. HP: 38/38 MP: 3/3
    75 | D        | Reached XP level 4. HP: 45/45 MP: 4/4
   129 | D        | Reached * piety under Beogh
   138 | D        | Reached ** piety under Beogh
   153 | D        | Noticed a floating eye
   154 | D        | Noticed an ice beast
   160 | D        | Paralysed by a floating eye for 4 turns
   165 | D        | Killed a floating eye
   166 | D        | Reached skill level 7 in Axes
   166 | D        | Reached XP level 5. HP: 53/53 MP: 5/5
   172 | D        | Killed an ice beast
   173 | D        | Reached skill level 8 in Axes
   173 | D        | Reached XP level 6. HP: 25/62 MP: 2/6
   175 | D        | Reached *** piety under Beogh
   459 | D        | Noticed an ice beast
   475 | D        | Killed an ice beast
   476 | D        | Reached skill level 9 in Axes
   476 | D        | Reached skill level 1 in Dodging
   599 | D        | Reached **** piety under Beogh
   600 | D        | Reached skill level 10 in Axes
   600 | D        | Reached XP level 7. HP: 70/70 MP: 7/7
   604 | D        | Noticed Menkaure
   613 | D        | Killed Menkaure
   614 | D        | Reached skill level 10 in Fighting
   762 | D        | Reached ***** piety under Beogh
   763 | D        | Reached skill level 11 in Axes
   763 | D        | Reached skill level 1 in Invocations
   765 | D        | Noticed a gargoyle
   776 | D        | Killed a gargoyle
   777 | D        | Reached skill level 12 in Axes
   777 | D        | Reached XP level 8. HP: 23/81 MP: 7/9
   954 | D        | Noticed Terence
   976 | D        | Killed Terence
  1118 | D        | Noticed Joseph
  1118 | D        | Noticed a wind drake
  1145 | D        | Killed a wind drake
  1146 | D        | Reached skill level 13 in Axes
  1154 | D        | Killed Joseph
  1155 | D        | Reached skill level 10 in Armour
  1162 | D        | Reached skill level 14 in Axes
  1162 | D        | Reached XP level 9. HP: 27/90 MP: 10/10
  1457 | D        | Noticed a death yak
  1457 | D        | Noticed a bog body
  1465 | D        | Slain by a death yak

Illustrated notes

Levels and vault maps discovered:
D:        pitsprint [storerooms_1, entrance_room_1, metal_vault_2, armoury_2,
          mini_pit_1, grid_room_1, main_hall_1, silver_pit, the_coven_1,
          the_vestibule_1, steel_vault_5, golden_pit, hallway_of_sentries,
          crystal_vault_6, iron_vault_3, final_vault]

Skill      XL: |  1  2  3  4  5  6  7  8  9 |
---------------+----------------------------+-----
Fighting       | 6 8 9 10 12 | 12.1
Axes           | 5 7 8 10 12 14 | 14.2
Armour         | 6 7 8 9 10 | 10.7
Shields        | 6 7 8 9 |  9.6
Dodging        | 1 2 3 4 |  4.0
Invocations    | 1 2 |  2.2
Stealth        | |  0.7

Action                     |  1- 3 |  4- 6 |  7- 9 || total
---------------------------+-------+-------+-------++-------
  Melee: War axe           |     5 |    34 |     8 ||    47
         Hand axe          |       |    16 |    73 ||    89
 Invoke: Smiting           |       |     1 |       ||     1
         Recall Orcish Fol |       |       |     1 ||     1
    Use: Potion            |       |       |     5 ||     5
 Armour: Scale mail        |     2 |    27 |    21 ||    50
         Chain mail        |       |       |     4 ||     4
  Dodge: Dodged            |       |    19 |    23 ||    42
  Block: Buckler           |       |    12 |    13 ||    25

Table legend: (Time is in decaauts)
 A = Elapsed time spent in this place.
 B = Non-inter-level travel time spent in this place.
 C = Inter-level travel time spent in this place.
 D = Time resting spent in this place.
 E = Time spent auto-exploring this place.
 F = Levels seen in this place.
 G = Mean time per level.
                   A        B        C        D        E       F      G
               +--------+--------+--------+--------+--------+-----+--------+
         Total |   1500 |   1408 |     92 |    958 |      0 |   1 | 1500.0 |
       Dungeon |   1500 |   1408 |     92 |    958 |      0 |   1 | 1500.0 |
               +--------+--------+--------+--------+--------+-----+--------+

Top non-repeatable levels by time:
       D: 1500 daAuts
